[Event "*** Titled Tuesday 3|2 Blitz"]
[Site "Chess.com"]
[Date "2015.12.01"]
[Round "5"]
[White "JustKid"]
[Black "RitvarsReimanis"]
[Result "0-1"]
[WhiteElo "2114"]
[BlackElo "2288"]
[TimeControl "180+2"]
[EndTime "12:05:03 PST"]
[Termination "RitvarsReimanis won by resignation"]

1. d4 Nf6 2. c4 g6 3. Nc3 d5 4. Bf4 Bg7 5. Nf3 O-O 6. e3 c6 7. cxd5 Nxd5 8. Bg3 c5 9. Bc4 Nb6 10. Be2 cxd4 11. exd4 Nc6 12. d5 Nb4 13. d6 Bf5 14. O-O Re8 15. a3 Nc6 16. Bb5 exd6 17. Bxd6 Qf6 18.
Bf4 h6 19. Be3 Rad8 20. Qb3 Be6 21. Qc2 Bf5 22. Qb3 Be6 23. Qc2 Rc8 24. Rad1 Bg4 25. Be2 Ne5 26. Nxe5 Bxe2 27. Qxe2 Qxe5 28. Qf3 Nc4 29. Rd7 Qf6 30. Qxf6 Bxf6 31. Rxb7 Rb8 32.
Rxb8 Rxb8 33. Nd5 Bxb2 34. Bxa7 Rb5 35. Ne3 Nxa3 36. h4 Rb7 37. Bc5 Nb5 38. Rb1 Nc3 39. Re1 Ne4 40. Ng4 Nxc5 41. Nxh6+ Kg7 42. Ng4 Bd4 43. Rd1 Ne6 44. g3 Rb2 45. Ne3 Bxe3 46. fxe3 Re2 47. Rd3 Kf6 48. Kf1 Ra2 49. Rd5 Ng7 50.
Rd6+ Ke7 51. Rd4 Nf5 52. Re4+ Kf6 53. Rf4 Ke5 54. Ke1 f6 55. Rb4 Nxe3 56. g4 Nd5 57.
Rb5 Rh2 58. g5 f5 59. Ra5 Rxh4 60. Ra6 Nf4 0-1

[Event "*** Titled Tuesday 3|2 Blitz"]
[Site "Chess.com"]
[Date "2015.12.01"]
[Round "5"]
[White "silverback96"]
[Black "DaPazz"]
[Result "1-0"]
[WhiteElo "1919"]
[BlackElo "1813"]
[TimeControl "180+2"]
[EndTime "12:05:17 PST"]
[Termination "silverback96 won by resignation"]

1. d4 Nf6 2. c4 e6 3. g3 d5 4.
Nf3 c6 5. Bg2 Nbd7 6. O-O Bd6 7.
Nc3 a6 8. Nd2 b5 9. e4 Bb4 10.
e5 Bxc3 11. bxc3 Ng8 12. Qg4 g6 13. f4 h5 14. Qf3 Nh6 15. h3 Nf5 16. Re1 bxc4 17.
Nf1 a5 18. Ne3 Nxe3 19. Rxe3 a4 20. Ba3 Nf8 21. g4 hxg4 22. hxg4 Qh4 23. f5 exf5 24. e6 Bxe6 25. gxf5 gxf5 26. Qxf5 Qh2+ 27. Kf1 Rh5 28.
Qf6 Qh4 29. Qxh4 Rxh4 30. Rg3 Ng6 31. Rb1 Rf4+ 32. Ke1 Rg4 33. Rxg4 Bxg4 34. Rb7 f5 35. Rg7 Nf4 36. Rg8+ Kd7 37. Rxa8 Nxg2+ 38. Kf2 Nf4 39. Ra7+ Ke6 40. Rxa4 Nd3+ 41. Kg3 Bd1 42. Ra6 f4+ 43. Kh2 f3 44. Rxc6+ Kf5 45. Rc8 Ke4 46. Re8+ Kf5 47. Rf8+ Ke4 48. Re8+ Kf4 49. Bd6+ Kf5 50. Bg3 Be2 51.
a4 Nb2 52. a5 Na4 53. a6 Nxc3 54. a7 Nb5 55. a8=Q 1-0

[Event "*** Titled Tuesday 3|2 Blitz"]
[Site "Chess.com"]
[Date "2015.12.01"]
[Round "5"]
[White "kpio91"]
[Black "KNVB"]
[Result "0-1"]
[WhiteElo "2532"]
[BlackElo "2354"]
[TimeControl "180+2"]
[EndTime "12:05:22 PST"]
[Termination "KNVB won by resignation"]

1. Nf3 Nf6 2. g3 b6 3. Bg2 Bb7 4. O-O c5 5. d3 e6 6. e4 d6 7.
Nbd2 Be7 8. a4 a6 9. Re1 Nc6 10. e5 dxe5 11. Nxe5 Qc7 12. Nec4 O-O 13. Nf3 Nd5 14.
Ng5 h6 15. Ne4 Rad8 16. Bd2 Rfe8 17. Qh5 Bf8 18. Nc3 Nd4 19. Qd1 Ba8 20. a5 b5 21.
Nxd5 Bxd5 22. Nb6 Bxg2 23. Kxg2 Qc6+ 24. f3 Bd6 25. g4 Bc7 26. c3 Qd6 27. cxd4 Qxh2+ 28. Kf1 Bg3 29. Be3 Rxd4 30. Re2 Qh1+ 31. Bg1 Qxf3+ 32.
Rf2 Qxd1+ 33. Rxd1 Bxf2 34. Bxf2 Rxg4 35. Bxc5 h5 36. d4 Rd8 37. Kf2 f6 38. Rh1 g6 39.
Kf3 Kf7 40. Re1 g5 41. d5 exd5 42. Re7+ Kg6 43. Nd7 Rf4+ 44. Kg3 h4+ 45. Kg2 g4 46. Bd6 Rf3 47. Bc7 h3+ 48. Kh2 Rc8 49. Nc5 Rf2+ 50. Kg1 Rg2+ 51. Kh1 Rxb2 52. Ne6 Rc2 53. Rg7+ Kh6 54.
Bf4+ Kh5 55. Rh7+ Kg6 56. Re7 R8c4 57. Be3 g3 58. Rg7+ Kf5 59. Nd4+ Rxd4 60. Bxd4 Rc1+ 61. Bg1 h2 62. Rxg3 Rxg1+ 0-1

[Event "*** Titled Tuesday 3|2 Blitz"]
[Site "Chess.com"]
[Date "2015.12.01"]
[Round "5"]
[White "Colombiano07"]
[Black "Haridaskesavan"]
[Result "1-0"]
[WhiteElo "2116"]
[BlackElo "2083"]
[TimeControl "180+2"]
[EndTime "12:05:29 PST"]
[Termination "Colombiano07 won by resignation"]

1. d4 Nf6 2. Nf3 d6 3. Bf4 Nbd7 4. e3 g6 5. h3 Bg7 6. Be2 O-O 7. O-O Re8 8. Bh2 e5 9. Nbd2 exd4 10. Nxd4 Ne5 11. a4 Nc6 12. N2f3 Ne4 13. a5 a6 14. c3 Nxd4 15. Nxd4 c6 16. Re1 d5 17. Qb3 Qe7 18. Rad1 h5 19. c4 Be6 20. Nxe6 fxe6 21. cxd5 exd5 22.
Bd3 Kh7 23. Qc2 Qf6 24. f3 Nc5 25. b4 Nxd3 26. Qxd3 Rad8 27. Bc7 Rd7 28. Bb6 Rde7 29. Bd4 Qf5 30. Qxf5 gxf5 31. Kf2 Kg6 32. Bxg7 Kxg7 33. Rd4 Kf6 34. g3 Rg7 35. e4 fxe4 36. fxe4 Rge7 37. Kf3 Ke5 38. Ke3 Kd6 39. Kd3 Rf8 40. Re3 Rf1 41. Ke2 Rh1 42. exd5 Rxe3+ 43. Kxe3 cxd5 44. Rh4 Rg1 45. Kf2 Rb1 46. Rxh5 Rxb4 47. Rf5 Ke6 48. Rf8 d4 49. h4 Kd5 50. h5 Rb2+ 51. Kf3 Rh2 52. g4 Kc4 53. Rc8+ Kd3 54. Kf4 Ke2 55. Re8+ Kd2 56.
Kg5 d3 57. Kg6 Kc1 58. Rc8+ Rc2 59. Rd8 d2 60. h6 d1=Q 61. Rxd1+ Kxd1 62. h7 Rh2 63. Kg7 Ke2 64. g5 Kf3 65. g6 Kf4 66. h8=Q Ke4 67.
Qxh2 1-0

[Event "*** Titled Tuesday 3|2 Blitz"]
[Site "Chess.com"]
[Date "2015.12.01"]
[Round "5"]
[White "Blitzstream"]
[Black "bugsbunny444"]
[Result "0-1"]
[WhiteElo "2392"]
[BlackElo "2353"]
[TimeControl "180+2"]
[EndTime "12:05:39 PST"]
[Termination "bugsbunny444 won by resignation"]

1. d4 e6 2. e4 d5 3. Nd2 Nf6 4. e5 Nfd7 5. c3 c5 6. Bd3 Nc6 7. Ngf3 g6 8. h4 h6 9. h5 g5 10. dxc5 Ndxe5 11. Bb5 Bd7 12. Qe2 Qc7 13. O-O Bxc5 14.
Nb3 Bd6 15. Be3 a6 16. Bxc6 Nxc6 17. Nbd4 Ne5 18. Nxe5 Bxe5 19. Rfe1 Bg7 20. Nf5 O-O 21. Nxg7 Kxg7 22. Bd4+ f6 23. Qd3 e5 24. Qg6+ Kh8 25.
Qxh6+ Kg8 26. Qg6+ Kh8 27. Qh6+ Kg8 28. Rxe5 fxe5 29.
Qg6+ Kh8 30. Qh6+ Kg8 31. Qxg5+ Kf7 32. Bxe5 Qc6 33. Qg7+ Ke8 34. Re1 Qe6 35. c4 Rg8 36. Qh7 d4 37. Re4 Bc6 38. Rxd4 Rxg2+ 39. Kf1 Qxe5 40.
Qd3 Rg8 41. h6 Rf8 42. h7 Ke7 43. Rg4 Rh8 44. Rg3 Kf7 45. Qg6+ Ke7 46. Re3 Qxe3 47. fxe3 Raf8+ 48. Ke2 Kd8 49. b4 Kc8 50. a4 Bxa4 51.
b5 axb5 52. c5 Re8 53. c6 bxc6 54. Qxc6+ Kb8 55. Qd6+ Kb7 56. Qd7+ Kb6 57. Qd6+ Kb7 58. Qd5+ Kb6 59. Qd6+ Ka5 60. Qd2+ b4 61. Qd5+ Bb5+ 62. Kf2 Rxh7 63. Qa2+ Kb6 64. Qb2 Rf7+ 65. Ke1 Rf1+ 66. Kd2 Rf2+ 0-1

[Event "*** Titled Tuesday 3|2 Blitz"]
[Site "Chess.com"]
[Date "2015.12.01"]
[Round "5"]
[White "JustaTrickstar"]
[Black "chessmaxusa"]
[Result "1/2-1/2"]
[WhiteElo "2479"]
[BlackElo "2324"]
[TimeControl "180+2"]
[EndTime "12:05:41 PST"]
[Termination "Game drawn - insufficient material"]

1. d4 c6 2. c4 d5 3. Nf3 Nf6 4. Nc3 Bf5 5. Bg5 e6 6. e3 Nbd7 7. Be2 Be7 8. O-O h6 9. Bf4 O-O 10. a3 a5 11. h3 Re8 12. Bd3 dxc4 13. Bxc4 Qb6 14. Na4 Qa7 15. Bd3 Be4 16. Nc3 Bxd3 17. Qxd3 a4 18. Rfc1 Red8 19. Qc2 Qa5 20. Nd2 Qa6 21. Bh2 Nb6 22. Be5 Nbd5 23. Bxf6 Bxf6 24. Nce4 Be7 25. Nc5 Qa7 26. Nf3 Nf6 27. Ne5 Bd6 28. Ned3 Bxc5 29. Qxc5 Nd7 30. Qe7 Qa5 31. Nc5 Nxc5 32.
Rxc5 Qb6 33. Rb1 Re8 34. Qh4 Ra5 35. Rc4 Rea8 36. Qe7 Rb5 37. Rb4 Rxb4 38. Qxb4 Qxb4 39. axb4 Ra6 40. Ra1 Kf8 41. Kf1 Ke7 42. Ke2 Kd6 43. Kd3 Kc7 44. Kc4 Kb6 45. Ra3 Ka7 46. f4 Kb6 47. g4 f5 48. Ra1 Ra8 49. Rg1 a3 50.
bxa3 Rxa3 51. gxf5 exf5 52. Rxg7 Rxe3 53. Rf7 Rxh3 54.
Rxf5 Rf3 55. Rf6 h5 56. b5 h4 57. d5 h3 58. bxc6 bxc6 59. Rxc6+ Kb7 60. Rh6 Rxf4+ 61. Kc5 Rf3 62. Rh7+ Kc8 63. Kc6 Rc3+ 64. Kd6 Rg3 65. Rh8+ Kb7 66. Kd7 Rd3 67. d6 Kb6 68. Rh5 Kb7 69. Rh7 Kb6 70. Rh6 Kb7 71. Ke7 Kc6 72. d7+ Kc7 73. Rxh3 Rxd7+ 74. Ke6 Rd6+ 75.
Ke5 Rc6 76. Rd3 Kb6 77. Rd6 Kc5 78. Rxc6+ Kxc6 1/2-1/2

[Event "*** Titled Tuesday 3|2 Blitz"]
[Site "Chess.com"]
[Date "2015.12.01"]
[Round "5"]
[White "Matibar"]
[Black "Cryptochess"]
[Result "1/2-1/2"]
[WhiteElo "2453"]
[BlackElo "2430"]
[TimeControl "180+2"]
[EndTime "12:06:00 PST"]
[Termination "Game drawn by agreement"]

1. g3 Nf6 2. Bg2 e6 3. e4 d5 4. exd5 exd5 5. Nf3 Bd6 6. O-O O-O 7. h3 c5 8. d3 Nc6 9. Nc3 a6 10. Bg5 Be6 11.
Nd2 Be5 12. Re1 h6 13. Bxf6 Bxf6 14. Nf1 b5 15. Rb1 b4 16. Ne2 Qd6 17. Nf4 Rfe8 18. Ne3 d4 19. Nc4 Bxc4 20. dxc4 Rad8 21. Bd5 Re5 22. Qf3 Ne7 23. Bb7 Nf5 24. Nd3 Rxe1+ 25.
Rxe1 g6 26. Kg2 Rd7 27. Re8+ Kg7 28. Bd5 Re7 29. Rc8 Rc7 30. Ra8 Ne7 31. Be4 h5 32.
Qf4 Qxf4 33. Nxf4 Be5 34. Nd3 Bd6 35.
Rxa6 Nc8 36. Bd5 Ra7 37. Rxa7 Nxa7 38. Bb7 f5 39. Kf3 Kf6 40. h4 g5 41. hxg5+ Kxg5 42. Nf4 h4 43. Nh3+ Kh5 44. Kg2 Bc7 45. Bf3+ Kg6 46. gxh4 Nc8 47. Ng5 Nd6 48. Ne6 Bb6 49. b3 Nf7 50. Nf4+ Kh6 51. Bd5 Ne5 52. Be6 Bc7 53.
Nd5 Bd8 54. Bxf5 Bxh4 55. f4 Nf7 56. Kf3 Nd6 57. Kg4 Be1 58. Nf6 Kg7 59. Nd7 Nb7 60. Be4 Nd6 61. Bd5 d3 62. cxd3 Bf2 63. f5 Bd4 64.
Kg5 Ne8 65. Kf4 Nf6 66. Ne5 Nh5+ 67. Kg5 Bxe5 68. Kxh5 Kf6 69. Be4 Bb2 70. Kh6 Kf7 71. Kg5 Bc1+ 72. Kg4 Kf6 73. Bc6 Bb2 74. Bd7 Bd4 75. Kf3 Bb2 76. Ke4 Bd4 77. Kd5 Be3 78.
Be6 Bd4 79. Kc6 Ke5 80. Kb5 Kf6 81. Ka4 Bb2 82. d4 Bxd4 83. a3 bxa3 84. Kxa3 Bc3 1/2-1/2

[Event "*** Titled Tuesday 3|2 Blitz"]
[Site "Chess.com"]
[Date "2015.12.01"]
[Round "5"]
[White "SlovenskiZmaj"]
[Black "alexsuper1987"]
[Result "1-0"]
[WhiteElo "2300"]
[BlackElo "2195"]
[TimeControl "180+2"]
[EndTime "12:06:06 PST"]
[Termination "SlovenskiZmaj won by resignation"]

1. e4 c5 2. c3 e6 3. d4 d5 4. e5 Qb6 5. Nf3 Bd7 6. Be2 Bb5 7. O-O Bxe2 8. Qxe2 cxd4 9. cxd4 Ne7 10. Be3 Nbc6 11. Nc3 Nf5 12. Rfd1 Be7 13. g4 Nxe3 14. fxe3 O-O 15.
g5 f6 16. exf6 gxf6 17. gxf6 Rxf6 18. Kh1 Kh8 19. Rg1 Raf8 20. Raf1 Rg8 21. Rxg8+ Kxg8 22. b3 Bb4 23. Nd1 Qa6 24. Rg1+ Rg6 25. Qxa6 Rxg1+ 26. Kxg1 bxa6 27. Kf2 a5 28. Ng5 e5 29. Nf3 exd4 30.
Nxd4 Nxd4 31. exd4 Kf7 32. Ke3 Ke6 33. Nf2 Bd6 34.
h3 Kf5 35. Kf3 Kg5 36. Ng4 Bf4 37. Nf2 Bd2 38. Ke2 Bb4 39. Ng4 Kh4 40. Nf6 h5 41.
Nxd5 Bd6 42. Nf6 Be7 43. Ne4 Kxh3 44. Kf3 Kh4 45. d5 Bd8 46. d6 Kh3 47. d7 h4 48.
Nc5 Kh2 49. Ne6 Be7 50. d8=Q Bxd8 51. Nxd8 h3 52. Kf2 Kh1 53. Ne6 a4 54. Nd4 axb3 55.
axb3 a5 56. Ne2 Kh2 57. Nf4 Kh1 58. Nxh3 Kh2 59. Nf4 Kh1 60. Nd5 Kh2 61. Ke3 Kg3 62.
Kd4 Kf3 63. Kc5 Ke4 64. Nb6 Kd3 65. Kb5 Kc3 66. Ka4 Kb2 67. Nc4+ Kc3 68. Nxa5 Kd4 69. b4 Kd5 70. Kb5 Kd6 71. Kb6 1-0

[Event "*** Titled Tuesday 3|2 Blitz"]
[Site "Chess.com"]
[Date "2015.12.01"]
[Round "5"]
[White "Maitreia"]
[Black "AndroQueen"]
[Result "1/2-1/2"]
[WhiteElo "2449"]
[BlackElo "2283"]
[TimeControl "180+2"]
[EndTime "12:06:15 PST"]
[Termination "Game drawn by repetition"]

1. c4 c5 2. g3 g6 3. Bg2 Bg7 4.
Nc3 Nc6 5. Nf3 d6 6. d3 Bf5 7. O-O Qd7 8. Nd5 Nf6 9. Nxf6+ Bxf6 10. Rb1 Bh3 11. Bxh3 Qxh3 12. a3 h5 13. Bg5 Bxg5 14. Nxg5 Qg4 15. h4 O-O 16. e3 Qf5 17. b4 b6 18. Qf3 Qd7 19. Rfd1 Ne5 20. Qg2 Qa4 21.
bxc5 dxc5 22. Qe4 Ng4 23. Qxe7 Qxa3 24. d4 Rae8 25. Qd6 Qa2 26. Nh3 Qxc4 27. dxc5 bxc5 28.
Rbc1 Qe2 29. Rd2 Qf3 30. Ng5 Qf5 31. Rxc5 Qb1+ 32. Rd1 Qa2 33. Qd2 Qa6 34. Rd5 Qf6 35.
Rd4 Rb8 36. Rf4 Qg7 37. Qd4 Qxd4 38. Rfxd4 Ne5 39. Kg2 Kg7 40. Rd5 Nc6 41. Rd6 Rb6 42. Ra1 Rfb8 43. Rd7 R8b7 44. Rxb7 Rxb7 45. Ra6 Nb4 46. Ra4 a6 47. Ne4 Rb6 48. Nc5 Kg8 49.
Kf3 Rb5 50. Nxa6 Nxa6 51. Rxa6 Kg7 52. Ra7 Rb2 53. Ra1 Kf6 54. Re1 Ke6 55. Re2 Rb1 56. Ra2 Kf6 57. Kf4 Kg7 58. f3 Rg1 59. Ra7 Rf1 60.
e4 Kf6 61. Ra6+ Kg7 62. Ra7 Kf6 63. e5+ Ke6 64. Ra6+ Ke7 65. Ra3 Ke6 66. Ra6+ Ke7 67. g4 hxg4 68. Kxg4 Rg1+ 69. Kf4 Rh1 70. Ra7+ Ke6 71.
Ra6+ Ke7 72. Kg3 Rg1+ 73. Kf2 Rh1 74. Kg3 Rg1+ 75. Kf4 Rh1 1/2-1/2

[Event "*** Titled Tuesday 3|2 Blitz"]
[Site "Chess.com"]
[Date "2015.12.01"]
[Round "5"]
[White "PowerThinking2650"]
[Black "riconaipe"]
[Result "1/2-1/2"]
[WhiteElo "2100"]
[BlackElo "2288"]
[TimeControl "180+2"]
[EndTime "12:07:13 PST"]
[Termination "Game drawn - insufficient material"]

1. e4 c6 2. d3 d5 3. Nd2 g6 4. g3 Bg7 5. Bg2 e5 6. Ne2 Ne7 7.
O-O O-O 8. b3 f5 9. Ba3 Be6 10.
f4 fxe4 11. dxe4 Bg4 12. exd5 exf4 13. h3 Bxa1 14. Qxa1 Bxe2 15. Re1 Qb6+ 16. Kh1 f3 17. Nxf3 Bxf3 18. Bxf3 Qf2 19. Bg2 Nd7 20. Rxe7 Rf7 21. Rxf7 Qxf7 22. dxc6 bxc6 23. Qc3 Re8 24. Bb2 Ne5 25.
Qe3 Qe7 26. a4 h5 27. a5 Kh7 28. c4 h4 29. Qxe5 Qxe5 30. Bxe5 Rxe5 31. Bxc6 Rxa5 32.
gxh4 Ra1+ 33. Kg2 Rb1 34. Ba4 Kg7 35. Kf3 Kf6 36. Ke4 Ke6 37. Kd4 Kd6 38. c5+ Kc7 39. Kc4 Rh1 40. Be8 Rxh3 41. Bxg6 Rxh4+ 42. Kb5 Rh6 43. Be4 Rf6 44. Bd3 Rf4 45. Bc4 Rf6 46. b4 Kb7 47. Ka5 Rf4 48. Bd5+ Kc7 49. Bg2 Rf2 50. Be4 Ra2+ 51. Kb5 a6+ 52. Kc4 Rf2 53. Bd5 Rf4+ 54. Kb3 Rd4 55. Bc4 Kb7 56. Be2 Rf4 57. Ka4 Rf2 58. Bc4 Ka7 59. Bd5 Rd2 60. Bc4 Rd4 61. Be6 Kb7 62. Ka5 Rd1 63. Ka4 Ra1+ 64. Kb3 Kc6 65. Bf5 Re1 66. Bd3 Re3 67. Kc3 a5 68.
bxa5 Kxc5 69. a6 Kb6 70. Kd4 Re7 71. Kc3 Kc5 72. Kd2 Kd4 73. Bb5 Rh7 74. Bc6 Rh2+ 75.
Kc1 Kc3 76. a7 Rf2 77. Kd1 Ra2 78. a8=Q Rxa8 79. Bxa8 1/2-1/2

[Event "*** Titled Tuesday 3|2 Blitz"]
[Site "Chess.com"]
[Date "2015.12.01"]
[Round "6"]
[White "Er_is_geen_hoop_meer"]
[Black "GrigorGrigorov"]
[Result "0-1"]
[WhiteElo "2345"]
[BlackElo "2546"]
[TimeControl "180+2"]
[EndTime "12:09:22 PST"]
[Termination "GrigorGrigorov won by resignation"]

1. Nf3 Nf6 2. g3 b6 3. Bg2 Bb7 4. O-O e6 5. b3 Be7 6. Bb2 O-O 7. d3 c5 8. e4 d5 9. e5 Nfd7 10. Nbd2 Nc6 11. Re1 f6 12. exf6 Bxf6 13. Bxf6 Qxf6 14.
Qe2 Rae8 15. c4 Nb4 16. Nf1 dxc4 0-1

[Event "*** Titled Tuesday 3|2 Blitz"]
[Site "Chess.com"]
[Date "2015.12.01"]
[Round "6"]
[White "riconaipe"]
[Black "Tirantes"]
[Result "0-1"]
[WhiteElo "2278"]
[BlackElo "2227"]
[TimeControl "180+2"]
[EndTime "12:10:07 PST"]
[Termination "Tirantes won by resignation"]

1. d4 d5 2. c4 e6 3. Nc3 Be7 4. Bf4 Nf6 5. e3 O-O 6. Nf3 c5 7. cxd5 cxd4 8. Nxd4 Nxd5 9. Nxd5 Qxd5 10. Rc1 e5 11. Nf5 Bb4+ 12. Ke2 Qxd1+ 13. Rxd1 exf4 0-1

[Event "*** Titled Tuesday 3|2 Blitz"]
[Site "Chess.com"]
[Date "2015.12.01"]
[Round "6"]
[White "olomi007"]
[Black "MITerryble"]
[Result "0-1"]
[WhiteElo "2432"]
[BlackElo "2607"]
[TimeControl "180+2"]
[EndTime "12:10:19 PST"]
[Termination "MITerryble won by resignation"]

1. e4 e6 2. d4 d5 3. Nd2 Be7 4. e5 c5 5. Qg4 Kf8 6. dxc5 Nc6 7. Qe2 Bxc5 8. Ngf3 Nh6 9. g3 Ng4 10. Nb3 Bxf2+ 11.
Kd1 Bb6 12. Nfd4 Ngxe5 13. Be3 Nc4 14. Bg2 Nxe3+ 15. Qxe3 Qf6 16. c3 e5 17. Rf1 exd4 0-1

[Event "*** Titled Tuesday 3|2 Blitz"]
[Site "Chess.com"]
[Date "2015.12.01"]
[Round "6"]
[White "GianmarcoVaR"]
[Black "THORK"]
[Result "1-0"]
[WhiteElo "2244"]
[BlackElo "2190"]
[TimeControl "180+2"]
[EndTime "12:10:29 PST"]
[Termination "GianmarcoVaR won by resignation"]

1. c4 f5 2. Nc3 Nf6 3. g3 d6 4.
Bg2 e6 5. e3 Be7 6. Nge2 O-O 7.
O-O Nc6 8. d4 e5 9. d5 Nb8 10.
b3 a5 11. Bb2 h6 12. Qd2 Na6 13. e4 Nc5 14. exf5 Bxf5 15. f4 Nd3 16. fxe5 Ng4 17. Rxf5 Nxb2 18. Rxf8+ Qxf8 19. Rf1 Qd8 20. Qxb2 Bg5 21.
Nf4 dxe5 22. Ne6 Be3+ 23. Kh1 Qe7 24. Qe2 Ba7 25. Qxg4 1-0

[Event "*** Titled Tuesday 3|2 Blitz"]
[Site "Chess.com"]
[Date "2015.12.01"]
[Round "6"]
[White "salomez"]
[Black "AndrewMcStone"]
[Result "1-0"]
[WhiteElo "2091"]
[BlackElo "1992"]
[TimeControl "180+2"]
[EndTime "12:10:48 PST"]
[Termination "salomez won by resignation"]

1. e4 e6 2. d4 d5 3. Nc3 Nc6 4.
e5 f6 5. exf6 Qxf6 6. Nf3 Bd6 7.
Bb5 Bd7 8. O-O O-O-O 9. Bg5 Qf7 10. Bxd8 Kxd8 11. Bxc6 Bxc6 12. Ne5 Bxe5 13. dxe5 Ne7 14. Ne2 Ng6 15. f4 Rf8 16. c4 Kc8 17. Nd4 Nxf4 18. Nxc6 bxc6 19. g3 Nh3+ 20. Kg2 1-0

[Event "*** Titled Tuesday 3|2 Blitz"]
[Site "Chess.com"]
[Date "2015.12.01"]
[Round "6"]
[White "JustKid"]
[Black "darsen_sanzhaev"]
[Result "0-1"]
[WhiteElo "2107"]
[BlackElo "2244"]
[TimeControl "180+2"]
[EndTime "12:11:42 PST"]
[Termination "darsen_sanzhaev won by resignation"]

1. e4 c5 2. d4 cxd4 3. c3 dxc3 4. Nxc3 Nc6 5. Nf3 e6 6. Bc4 a6 7. a4 Nge7 8. O-O Ng6 9. Qe2 Be7 10. Rd1 O-O 11.
g3 Qc7 12. h4 b6 13. h5 Nge5 14. Bf4 Nxf3+ 15. Qxf3 Ne5 16. Bxe5 Qxe5 17. Rac1 d6 18. Qe2 Bb7 19. f4 Qc5+ 20. Kg2 Rac8 21. Bxa6 Bxa6 22. Qxa6 Qxh5 23. Qxb6 Rc5 24. b4 Rxc3 25. Rxc3 Qxd1 26. Qc7 d5 27. exd5 Qxd5+ 0-1

[Event "*** Titled Tuesday 3|2 Blitz"]
[Site "Chess.com"]
[Date "2015.12.01"]
[Round "6"]
[White "AleksandrNevski"]
[Black "chessloveyou"]
[Result "1-0"]
[WhiteElo "2351"]
[BlackElo "2133"]
[TimeControl "180+2"]
[EndTime "12:11:53 PST"]
[Termination "AleksandrNevski won by resignation"]

1. Nf3 Nf6 2. b3 e6 3. Bb2 Be7 4. c4 O-O 5. g3 d5 6. Bg2 dxc4 7.
bxc4 c6 8. O-O Nbd7 9. Qc2 Re8 10. d4 b6 11. e4 Bb7 12. e5 Nh5 13. Nc3 g6 14. Rad1 Ng7 15. Ne4 h6 16. Qc1 Kh7 17. Qf4 f5 18. exf6 Bxf6 19. Ne5 Bxe5 20. dxe5 Rf8 21.
Nf6+ Rxf6 22. exf6 Nh5 23. Qd6 1-0

[Event "*** Titled Tuesday 3|2 Blitz"]
[Site "Chess.com"]
[Date "2015.12.01"]
[Round "6"]
[White "Konavets"]
[Black "NguyenDucHoa"]
[Result "1-0"]
[WhiteElo "2539"]
[BlackElo "2357"]
[TimeControl "180+2"]
[EndTime "12:12:23 PST"]
[Termination "Konavets won by resignation"]

1. e4 c5 2. Nf3 e6 3. d4 cxd4 4. Bg5 f6 5. Bh4 e5 6. c3 Qb6 7. cxd4 Qxb2 8. Bc4 Bb4+ 9. Nbd2 Bxd2+ 10. Nxd2 Qxd4 11. O-O Nc6 12. Qb3 Na5 13. Qg3 g5 14. Bxg5 fxg5 15. Qxg5 Ne7 16. Bf7+ Kxf7 17. Nf3 Qxe4 18.
Nxe5+ Kf8 19. Qf6+ 1-0

[Event "*** Titled Tuesday 3|2 Blitz"]
[Site "Chess.com"]
[Date "2015.12.01"]
[Round "6"]
[White "StellarChessPro"]
[Black "stepanosinovsky"]
[Result "0-1"]
[WhiteElo "2247"]
[BlackElo "2210"]
[TimeControl "180+2"]
[EndTime "12:12:30 PST"]
[Termination "stepanosinovsky won by resignation"]

1. d4 Nf6 2. Bg5 g6 3. Bxf6 exf6 4. e3 Bg7 5. Ne2 O-O 6. h4 h5 7. Nf4 c6 8. Nd2 d6 9. Bc4 d5 10. Bb3 Nd7 11. c4 dxc4 12. Bxc4 Nb6 13. Bb3 Nd5 14.
Qf3 Nxf4 15. Qxf4 f5 16. Qg3 Qf6 17. Nf3 Be6 18. Bxe6 Qxe6 19. O-O Rad8 20. Rfc1 Qd6 21. Qxd6 Rxd6 22. Rc4 Rfd8 23. Rac1 f4 24. exf4 Bxd4 25. Nxd4 Rxd4 26. g3 Rxc4 27. Rxc4 Rd2 28. Rb4 b5 29. Kg2 a5 30. Rb3 Kf8 31. Kf3 Ke7 32. Ke3 Rc2 33.
a3 Kd6 34. Rd3+ Ke6 35. b3 c5 36. f3 c4 37. bxc4 bxc4 38. Rd8 Rc3+ 39. Ke4 f5+ 40. Kd4 Rd3+ 0-1

[Event "*** Titled Tuesday 3|2 Blitz"]
[Site "Chess.com"]
[Date "2015.12.01"]
[Round "6"]
[White "Frolyanov_D"]
[Black "BakaPG"]
[Result "1-0"]
[WhiteElo "2485"]
[BlackElo "2473"]
[TimeControl "180+2"]
[EndTime "12:12:37 PST"]
[Termination "Frolyanov_D won by resignation"]

1. d4 c5 2. d5 e5 3. c4 d6 4. Nc3 Be7 5. e4 Bg5 6. g3 Bxc1 7. Rxc1 Ne7 8. h4 O-O 9. Bh3 f5 10. exf5 Nxf5 11. Nge2 Nd4 12. Nxd4 exd4 13. Bxc8 Qxc8 14. Ne4 Qf5 15. Qe2 Re8 16. Nf6+ gxf6 17. Qxe8+ Kg7 18. O-O d3 19. Rce1 d2 20. Re7+ Kh6 21. Qf8+ Kh5 22. Qg8 Qg6 23. Rxh7+ 1-0

[Event "*** Titled Tuesday 3|2 Blitz"]
[Site "Chess.com"]
[Date "2015.12.01"]
[Round "6"]
[White "MinhGTrAn"]
[Black "Colombiano07"]
[Result "1-0"]
[WhiteElo "2613"]
[BlackElo "2115"]
[TimeControl "180+2"]
[EndTime "12:12:40 PST"]
[Termination "MinhGTrAn won by resignation"]

1. d4 g6 2. e4 Bg7 3. Nc3 c5 4.
Be3 Nc6 5. d5 Nd4 6. Nge2 Nxe2 7. Bxe2 d6 8. Qd2 h6 9. O-O Nf6 10. a4 Ng4 11. Bf4 g5 12. Bg3 O-O 13. h3 Ne5 14. f4 gxf4 15. Rxf4 Ng6 16. Rf2 Bd4 17.
Qxh6 Bxf2+ 18. Bxf2 e6 19. dxe6 Bxe6 20. Rf1 Qe7 21. Bh5 Ne5 22. Bh4 Qxh4 23. Bxf7+ Rxf7 24. Qxh4 Rxf1+ 25. Kxf1 Rf8+ 26. Kg1 Kf7 27. Qh7+ Kf6 28.
Qxb7 Rf7 29. Qb8 Nc6 30. Qxd6 Nd4 31. Qxc5 Nxc2 32. Qf2+ Ke7 33. Qxc2 1-0

[Event "*** Titled Tuesday 3|2 Blitz"]
[Site "Chess.com"]
[Date "2015.12.01"]
[Round "6"]
[White "Cryptochess"]
[Black "kpio91"]
[Result "0-1"]
[WhiteElo "2424"]
[BlackElo "2538"]
[TimeControl "180+2"]
[EndTime "12:12:43 PST"]
[Termination "kpio91 won by resignation"]

1. e4 e6 2. d4 d5 3. Nc3 Bb4 4. e5 c5 5. a3 Bxc3+ 6. bxc3 Ne7 7.
Qg4 Kf8 8. Nf3 b6 9. h4 Ba6 10. h5 h6 11. Bxa6 Nxa6 12. Qf4 Nb8 13. g4 Nbc6 14. Be3 Qc7 15. dxc5 Na5 16. Nd4 Kg8 17. Nb5 Qc6 18. Nd6 Rf8 19. Qb4 d4 20. O-O-O dxe3 21. cxb6 axb6 22. fxe3 Nd5 23. Qd4 Nxc3 24. Rde1 Nb3+ 25. cxb3 Ne2+ 0-1

[Event "*** Titled Tuesday 3|2 Blitz"]
[Site "Chess.com"]
[Date "2015.12.01"]
[Round "6"]
[White "ChadaevNikolay"]
[Black "amaidel"]
[Result "1-0"]
[WhiteElo "2549"]
[BlackElo "2386"]
[TimeControl "180+2"]
[EndTime "12:13:04 PST"]
[Termination "ChadaevNikolay won by resignation"]

1. Nf3 g6 2. e4 Bg7 3. d4 d6 4.
Bc4 Nf6 5. Qe2 O-O 6. O-O c6 7. Bb3 Bg4 8. Nbd2 Nbd7 9. h3 Bxf3 10. Nxf3 e5 11. dxe5 dxe5 12. c3 Qe7 13. Bc2 Rfd8 14. g3 Nf8 15. Kg2 Qc7 16. Be3 Ne6 17. b4 c5 18.
Rac1 cxb4 19. cxb4 Nd4 20. Bd3 Qe7 21. Nxd4 exd4 22. Bd2 Rac8 23. a3 Nd7 24. f4 Nb6 25. h4 Na4 26. h5 Nc3 27. Qf3 a5 28. hxg6 hxg6 29. bxa5 Qxa3 30. f5 Qe7 31. f6 1-0

[Event "*** Titled Tuesday 3|2 Blitz"]
[Site "Chess.com"]
[Date "2015.12.01"]
[Round "6"]
[White "tigra"]
[Black "JustaTrickstar"]
[Result "1-0"]
[WhiteElo "2212"]
[BlackElo "2457"]
[TimeControl "180+2"]
[EndTime "12:13:09 PST"]
[Termination "tigra won by resignation"]

1. e4 c5 2. Nf3 Nc6 3. Nc3 d6 4. d4 cxd4 5. Nxd4 Nf6 6. Bg5 e6 7. Qd2 a6 8. O-O-O Qb6 9. Nb3 Be7 10. Be3 Qc7 11. h3 b5 12. a3 Bb7 13. f4 Nd7 14.
Qf2 Na5 15. Nxa5 Qxa5 16. Kb1 b4 17. axb4 Qxb4 18. Rd4 Qa5 19. Ra4 Qc7 20. Rc4 Qd8 21. Bd3 O-O 22. Rd1 Rc8 23. Qe2 Rxc4 24. Bxc4 Qa5 25. f5 exf5 26. Nd5 Bd8 27. Bd2 Qc5 28. Bb4 Qc6 29. exf5 Nc5 30. f6 Re8 31. Qg4 g6 32.
Re1 Rxe1+ 33. Bxe1 Ne4 34. Qxe4 1-0

[Event "*** Titled Tuesday 3|2 Blitz"]
[Site "Chess.com"]
[Date "2015.12.01"]
[Round "6"]
[White "RitvarsReimanis"]
[Black "PowerThinking2650"]
[Result "1-0"]
[WhiteElo "2292"]
[BlackElo "2096"]
[TimeControl "180+2"]
[EndTime "12:13:10 PST"]
[Termination "RitvarsReimanis won by resignation"]

1. d4 Nf6 2. c4 g6 3. Nc3 Bg7 4. e4 d6 5. h3 O-O 6. Nf3 e5 7. d5 a5 8. Bg5 Na6 9. Be2 Kh8 10. Nd2 Qe8 11. h4 h5 12. Bxf6 Bxf6 13. g4 hxg4 14. Bxg4 Nc5 15. Bxc8 Nd3+ 16. Kf1 Qxc8 17.
h5 g5 18. Ne2 Qg4 19. Qb3 Nc5 20. Qe3 Be7 21. Rg1 Qxh5 22. Ng3 Qh3+ 23. Ke2 Kg8 24. Rh1 Qg4+ 25. Kf1 f6 26. Nf5 Rf7 27. Nh6+ 1-0